 Dungeon Crawl Stone Soup version 0.28.0-53-g5a82cb258f (webtiles) character file.

Game seed: 14011134564195651512

1070 Woods the Insei (level 8, -7/60 HPs)
             Began as a Gnoll Transmuter on June 9, 2022.
             Mangled by a two-headed ogre
             ... wielding a +0 giant spiked club
              (22 damage)
             ... on level 5 of the Dungeon.
             The game lasted 00:08:33 (6008 turns).

Woods the Insei (Gnoll Transmuter)                  Turns: 6008, Time: 00:08:34

Health: -7/60      AC:  2    Str: 10    XL:     8   Next: 28%
Magic:  14/16      EV: 23    Int: 14    God:
Gold:   210        SH:  0    Dex: 18    Spells: 12/18 levels left

rFire   . . .      SeeInvis .     - Unarmed
rCold   . . .      Faith    .   (shield currently unavailable)
rNeg    . . .      Spirit   .   (armour currently unavailable)
rPois   x          Reflect  .   (helmet currently unavailable)
rElec   .          Harm     .   (cloak currently unavailable)
rCorr   .          Rampage  .   (gloves currently unavailable)
Will    .....                   (boots currently unavailable)
Stlth   +++.......              (no amulet)
HPRegen 0.20/turn               (no ring)
MPRegen 0.15/turn               (no ring)

@: spider-form
A: venomous fangs, tiny, (fangs 1), strong nose, distributed training
a: End Transformation


You were on level 5 of the Dungeon.
You were a venomous arachnid creature.
You visited 1 branch of the dungeon, and saw 5 of its levels.
You also visited: Ossuary.

You collected 210 gold pieces.

Inventory:

Armour
 a - a +0 robe (melded)
 f - a +0 cloak (melded)
Wands
 r - a wand of flame (41)
Scrolls
 b - 2 scrolls of enchant armour {unknown}
 c - 3 scrolls of blinking {unknown}
 e - 4 scrolls of teleportation {unknown}
 i - 2 scrolls of fear {unknown}
 s - 3 scrolls of immolation {unknown}
 t - 2 scrolls of identify {unknown}
Potions
 d - 4 potions of haste {unknown}
 g - 4 potions of lignification {unknown}
 h - a potion of ambrosia {unknown}
 j - a potion of resistance {unknown}
 k - a potion of brilliance {unknown}
 l - 5 potions of curing {unknown}
 m - 2 potions of attraction {unknown}
 n - a potion of invisibility {unknown}
 o - 2 potions of heal wounds {unknown}
 p - a potion of cancellation {unknown}
 q - a potion of mutation {unknown}


   Skills:
 + Level 4.1 Fighting
 + Level 3.1 Short Blades
 + Level 3.1 Long Blades
 + Level 3.1 Axes
 + Level 3.1 Maces & Flails
 + Level 3.1 Polearms
 + Level 3.1 Staves
 + Level 3.1 Slings
 + Level 3.1 Bows
 + Level 3.1 Crossbows
 + Level 3.1 Throwing
 + Level 3.1 Armour
 + Level 5.6 Dodging
 + Level 3.1 Stealth
 + Level 3.1 Shields
 + Level 7.3 Unarmed Combat
 + Level 5.9 Spellcasting
 + Level 2.5 Conjurations
 + Level 2.5 Hexes
 + Level 2.5 Summonings
 + Level 2.5 Necromancy
 + Level 2.5 Translocations
 + Level 4.6 Transmutations
 + Level 2.5 Fire Magic
 + Level 2.5 Ice Magic
 + Level 2.5 Air Magic
 + Level 2.5 Earth Magic
 + Level 2.5 Poison Magic
 + Level 3.4 Invocations
 + Level 3.1 Evocations


You had 12 spell levels left.
You knew the following spells:

 Your Spells              Type           Power      Damage    Failure   Level
a - Beastly Appendage     Tmut           34%        N/A       9%          1
b - Wereblood             Tmut           17%        N/A       12%         2
c - Spider Form           Tmut/Pois      14%        N/A       26%         3

Your spell library contained the following spells:

 Spells                   Type           Power      Damage    Failure   Level
 Sting                    Tmut/Pois      56%        1d5       12%         1
 Passwall                 Tmut/Erth      11%        N/A       16%         2
 Corpse Rot               Necr/Air       22%        N/A       22%         2
 Ensorcelled Hibernation  Hex/Ice        22%        N/A       22%         2
 Poisonous Vapours        Pois/Air       22%        N/A       22%         2
 Swiftness                Air            11%        N/A       36%         3
 Ice Form                 Ice/Tmut       14%        N/A       56%         4
 Dispel Undead            Necr           11%        3d9       71%         4
 Olgreb's Toxic Radiance  Pois           11%        N/A       71%         4
 Death Channel            Necr           5%         N/A       100%        6


Dungeon Overview and Level Annotations

Branches:
Dungeon (5/15)            Ossuary (visited)
 Temple: D:4-7

Altars:
Trog
Wu Jian

Shops:
D:4 *


Innate Abilities, Weirdness & Mutations

You are a venomous arachnid creature.
You have poisonous fangs.
You are tiny and dextrous.
Your spellcasting is less reliable in this form.
Your armour is entirely melded.
You are incapable of wielding weapons or throwing items.
((You have very sharp teeth.))
Your uncanny sense of smell can sniff out nearby items.
Your experience applies equally to all skills.


Message History

Found an escape hatch in the ceiling.
Found a stone staircase leading down.
Found a dagger.
There is an open door here.
There is an open door here.
There is a stone staircase leading down here.
You see here 17 stones.
There is a stone staircase leading down here.
There is an open door here.
Found 20 stones.
Done exploring.
Done exploring.
Done exploring.
You see here a +0 dagger.
The two-headed ogre shouts in stereo!
You can't go down here!
Casting: Spider Form (dangerous; 11% risk of failure)
Confirm with . or Enter, or press ? or * to list all spells.
You turn into a venomous arachnid creature.
Your +0 cloak melds into your body.
Your +0 robe melds into your body.
The two-headed ogre hits you with a +0 giant spiked club!!
The two-headed ogre misses you.
Unknown command.
You bite the two-headed ogre!
The two-headed ogre is poisoned.
The two-headed ogre is moderately wounded.
The two-headed ogre closely misses you.
The two-headed ogre completely misses you.
You hit the two-headed ogre.
The two-headed ogre looks as sick as possible!
The two-headed ogre is moderately wounded.
You bite the two-headed ogre!
The two-headed ogre looks as sick as possible!
The two-headed ogre is heavily wounded.
The two-headed ogre hits you with a +0 giant spiked club!!
* * * LOW HITPOINT WARNING * * *
The two-headed ogre barely misses you.
You hit the two-headed ogre but do no damage.
The two-headed ogre is severely wounded.
The two-headed ogre completely misses you.
The two-headed ogre hits you with a +0 giant club!!
You die...

#.# #.# #.# #.# #.# #(# #####
#.######## ##...###
#........# #......##
########># ##s.#....# #.#
#O#...#..#
######'####...#....#### ###
#...........#...#.....#####..
#.........##..#..#..........)
#.........####.###.##.#####..
#......<..# ##....##..## ###
#.........####..##.###..#
#....[..................#


You could see a two-headed ogre (extremely poisoned).

Vanquished Creatures
  An ice beast (D:5)
  6 water moccasin zombies (Ossuary)
  A howler monkey (D:4)
  An orc priest (D:4)
  A hound (D:5)
  A jelly (D:5)
  5 iguanas
  2 orc wizards
  2 mummies (Ossuary)
  A howler monkey zombie (D:5)
  10 adders
  7 gnolls (D:4)
  3 adder zombies (Ossuary)
  2 adder skeletons (D:4)
  A worm (D:5)
  2 dart slugs
  13 orcs
  6 bats
  5 endoplasms
  4 giant cockroaches
  10 goblins
  6 hobgoblins
  6 jackals
  3 kobolds
  5 quokkas
  6 ball pythons
  6 frilled lizards
  3 gnoll zombies (Ossuary)
  4 hobgoblin zombies (Ossuary)
  4 kobold zombies (Ossuary)
  6 orc zombies (Ossuary)
  7 rats
140 creatures vanquished.

Vanquished Creatures (others)
  2 plants (D:4)
2 creatures vanquished.

Grand Total: 142 creatures vanquished

Notes
Turn   | Place    | Note
-------+----------+-------------------------------------------
     0 | D:1      | Woods the Gnoll Transmuter began the quest for the Orb.
     0 | D:1      | Reached XP level 1. HP: 17/17 MP: 6/6
   295 | D:1      | Reached XP level 2. HP: 22/23 MP: 5/7
   341 | D:1      | Noticed a great orb of eyes
   344 | D:1      | Found a faded altar of an unknown god.
   347 | D:1      | Noticed a golden eye
   347 | D:1      | Noticed a floating eye
   347 | D:1      | Noticed a shining eye
   895 | D:2      | Reached XP level 3. HP: 27/28 MP: 7/9
   898 | D:2      | Reached skill level 5 in Spellcasting
  1246 | D:2      | Reached skill level 1 in Invocations
  1267 | D:2      | Reached skill level 1 in Short Blades
  1267 | D:2      | Reached skill level 1 in Long Blades
  1267 | D:2      | Reached skill level 1 in Axes
  1267 | D:2      | Reached skill level 1 in Maces & Flails
  1267 | D:2      | Reached skill level 1 in Polearms
  1267 | D:2      | Reached skill level 1 in Staves
  1267 | D:2      | Reached skill level 1 in Slings
  1267 | D:2      | Reached skill level 1 in Bows
  1267 | D:2      | Reached skill level 1 in Crossbows
  1267 | D:2      | Reached skill level 1 in Throwing
  1267 | D:2      | Reached skill level 1 in Armour
  1267 | D:2      | Reached skill level 1 in Stealth
  1267 | D:2      | Reached skill level 1 in Shields
  1267 | D:2      | Reached skill level 1 in Evocations
  1287 | D:2      | Reached XP level 4. HP: 30/34 MP: 11/11
  1700 | D:2      | Reached skill level 1 in Conjurations
  1700 | D:2      | Reached skill level 1 in Hexes
  1700 | D:2      | Reached skill level 1 in Summonings
  1700 | D:2      | Reached skill level 1 in Necromancy
  1700 | D:2      | Reached skill level 1 in Translocations
  1700 | D:2      | Reached skill level 1 in Fire Magic
  1700 | D:2      | Reached skill level 1 in Ice Magic
  1700 | D:2      | Reached skill level 1 in Air Magic
  1700 | D:2      | Reached skill level 1 in Earth Magic
  1700 | D:2      | Reached skill level 1 in Poison Magic
  1846 | D:2      | Learned a level 2 spell: Wereblood
  1850 | D:2      | Learned a level 3 spell: Spider Form
  2034 | D:3      | Identified the +2 leather armour of Uwaneits {*Slow rPois
                  | rN++ Dex+3}
  2100 | D:3      | Found an ornate altar of the Wu Jian Council.
  2399 | D:3      | Reached XP level 5. HP: 22/40 MP: 12/12
  2919 | D:4      | Found a sand-covered staircase.
  3021 | Ossuary  | Entered an ossuary
  3113 | Ossuary  | Reached XP level 6. HP: 19/47 MP: 7/14
  3288 | Ossuary  | Reached skill level 5 in Dodging
  3597 | Ossuary  | Reached XP level 7. HP: 20/52 MP: 13/15
  3610 | Ossuary  | Reached skill level 7 in Unarmed Combat
  4421 | D:4      | Found Eppust's Lightly-Used Armoury.
  5194 | D:5      | Entered Level 5 of the Dungeon
  5260 | D:5      | Reached XP level 8. HP: 60/60 MP: 11/16
  5412 | D:5      | Noticed a two-headed ogre
  5576 | D:5      | Found a bloodstained altar of Trog.
  6008 | D:5      | Mangled by a two-headed ogre

Illustrated notes

Levels and vault maps discovered:
D:1:      nzn_arrival_depleted_hourglass, layout_basic,
          hellmonk_ecumenical_altar_watching_god
D:2:      layout_loops_ring, dk_noncrumbling_3, hangedman_decor_push,
          nicolae_concentric_dashed_squares_wild, minmay_3d_cube
D:3:      layout_loops_ring, nicolae_overflow_crystal_walls,
          hangedman_decor_lopped
D:4:      layout_loops_ring, nicolae_ossuary_entry_false_entrances,
          corexii_shack, minmay_shop_damaged
D:5:      minmay_general_purpose_star, layout_basic, lemuel_doored_altar,
          minmay_misc_feat_secret_circle, hex_tiny

Skill      XL: |  1  2  3  4  5  6  7  8 |
---------------+-------------------------+-----
Spellcasting   | 5 |  5.9
Invocations    | 1 2 3 |  3.4
Short Blades   | 1 2 3 |  3.1
Long Blades    | 1 2 3 |  3.1
Axes           | 1 2 3 |  3.1
Maces & Flails | 1 2 3 |  3.1
Polearms       | 1 2 3 |  3.1
Staves         | 1 2 3 |  3.1
Slings         | 1 2 3 |  3.1
Bows           | 1 2 3 |  3.1
Crossbows      | 1 2 3 |  3.1
Throwing       | 1 2 3 |  3.1
Armour         | 1 2 3 |  3.1
Stealth        | 1 2 3 |  3.1
Shields        | 1 2 3 |  3.1
Evocations     | 1 2 3 |  3.1
Conjurations   | 1 2 |  2.5
Hexes          | 1 2 |  2.5
Summonings     | 1 2 |  2.5
Necromancy     | 1 2 |  2.5
Translocations | 1 2 |  2.5
Fire Magic     | 1 2 |  2.5
Ice Magic      | 1 2 |  2.5
Air Magic      | 1 2 |  2.5
Earth Magic    | 1 2 |  2.5
Poison Magic   | 1 2 |  2.5
Fighting       | 3 4 |  4.1
Transmutations | 4 |  4.6
Dodging        | 5 |  5.6
Unarmed Combat | 7 |  7.3

Action                   |  1- 3 |  4- 6 |  7- 9 || total
-------------------------+-------+-------+-------++-------
Melee: Unarmed           |    73 |   155 |   200 ||   428
       Kick              |    13 |    16 |    16 ||    45
       Headbutt          |     9 |     9 |    13 ||    31
       Punch             |     3 |     2 |     5 ||    10
       Bite              |     3 |     6 |    11 ||    20
 Cast: Beastly Appendage |    16 |    23 |     8 ||    47
       Spider Form       |       |     4 |    12 ||    16
       Wereblood         |       |     2 |     2 ||     4
 Stab: Sleeping          |     1 |     3 |     2 ||     6
Armor: Robe              |    11 |    18 |    11 ||    40
       Skin              |       |     4 |     2 ||     6
Dodge: Dodged            |    41 |    92 |   116 ||   249
